 Dungeon Crawl Stone Soup version 0.23.1 (webtiles) character file.

Game seed: 449518779689403952

423 Fang the Skirmisher (level 6, -8/40 HPs)
             Began as a Gargoyle Berserker on Mar 6, 2019.
             Was a Priest of Trog.
             Mangled by an ice beast (13 damage)
             ... on level 4 of the Dungeon.
             The game lasted 00:03:39 (2976 turns).

Fang the Skirmisher (Gargoyle Berserker)            Turns: 2976, Time: 00:03:40

Health: -8/40      AC: 11    Str: 22    XL:     6   Next: 95%
Magic:  6/6        EV: 11    Int:  8    God:    Trog [***...]
Gold:   205        SH:  0    Dex:  9    Spells: 5/5 levels left

rFire    . . .     SeeInvis .   a - +0 hand axe
rCold    . . .     Gourm    .   (no shield)
rNeg     + . .     Faith    .   k - +0 scale mail (curse)
rPois    ∞         Spirit   .   (no helmet)
rElec    +         Reflect  .   (no cloak)
rCorr    .         Harm     .   (no gloves)
MR       .....                  (no boots)
Stlth    ..........             (no amulet)
HPRegen  0.13/turn              (no ring)
MPRegen  0.10/turn              (no ring)

@: no status effects
A: negative energy resistance 1, electricity resistance, unbreathing,
petrification resistance, rot immunity, AC +4
a: Berserk, Trog's Hand, Renounce Religion


You were on level 4 of the Dungeon.
You worshipped Trog.
Trog was most pleased with you.
You were not hungry.

You visited 2 branches of the dungeon, and saw 5 of its levels.

You collected 205 gold pieces.

Inventory:

Hand Weapons
 a - a +0 hand axe (weapon)
Armour
 k - a cursed +0 scale mail (worn)
 o - a +0 chain mail
Scrolls
 b - a scroll of remove curse {unknown}
 d - a scroll of enchant weapon {unknown}
 g - a scroll of enchant armour {unknown}
 h - 2 scrolls of fear {unknown}
 l - a scroll of teleportation {unknown}
 m - a scroll of identify {unknown}
 n - a scroll of random uselessness {unknown}
Potions
 e - a potion of heal wounds {unknown}
 f - 2 potions of curing {unknown}
 i - a potion of cancellation {unknown}
 j - a potion of might {unknown}
 p - a potion of mutation {unknown}
 q - a potion of haste {unknown}
Comestibles
 c - 3 rations


   Skills:
 + Level 5.1 Fighting
 + Level 4.1 Axes
 + Level 4.3 Armour
 + Level 3.1 Dodging


You had 5 spell levels left.
You didn't know any spells.
Your spell library was empty.

Dungeon Overview and Level Annotations

Branches:
Dungeon (4/15)             Temple (1/1) D:4

Altars:

Annotations:
D:4 Menkaure


Innate Abilities, Weirdness & Mutations

You are resistant to torment.
Your stone body is resilient. (AC +4)
You are immune to poison.
You resist negative energy. (rN+)
You are resistant to electric shocks. (rElec)
You can survive without breathing.
You are immune to petrification.
You are immune to rotting.


Message History

The frilled lizard closely misses you.
The ice beast hits you but does no damage.
The ice beast hits you but does no damage.
Menkaure hits you! Menkaure hits you but does no damage.
The ice beast hits you. The ice beast freezes you.
* * * LOW HITPOINT WARNING * * *
Menkaure hits you but does no damage.
You're too hungry.
You hit Menkaure.
Menkaure is lightly damaged.
You hit the ice beast but do no damage.
The ice beast hits you but does no damage.
Menkaure closely misses you.
Okay, then.
You eat one of the 4 rations.
That ration really hit the spot!
The ice beast hits you.
* * * LOW HITPOINT WARNING * * *
The ice beast freezes you!
You die...

# ......... ..# #.. .....
..# #....###[#### #..#
#...).(..(# #..##
#...####.#.###..(### #.
#...........#
##..##...##.##
#..##...##..#
#.lM@.......#
#..Y..>.....# .# #.#
#...........# ..#.# #.#
##.##...##..# #
#.#.#.#.####.##...##..# #
#.#.#.#.#.............#
###.#.# ................#
#...#.###.#.####........#
..#.......#.#......######


You could see an ice beast, Menkaure and a frilled lizard.

Vanquished Creatures
  A phantom (D:4)
  A hound (D:4)
  A jelly (D:3)
  An orc wizard (D:4)
  2 worker ants (D:4)
  Robin (D:2)
  7 adders
  An ooze (D:2)
  6 worms
  2 dart slugs
  2 leopard geckos (D:3)
  3 orcs (D:4)
  A ball python (D:2)
  5 giant cockroaches
  10 goblins
  16 hobgoblins
  5 jackals
  A quokka (D:2)
  10 bats
  8 frilled lizards
  6 kobolds
  12 rats
  A plant (D:1)
103 creatures vanquished.

Notes
Turn   | Place    | Note
-------+----------+-------------------------------------------
     0 | D:1      | Fang the Gargoyle Berserker began the quest for the Orb.
     0 | D:1      | Reached XP level 1. HP: 14/14 MP: 1/1
    38 | D:1      | Reached XP level 2. HP: 14/19 MP: 2/2
   720 | D:1      | Reached XP level 3. HP: 22/23 MP: 3/3
  1088 | D:2      | Reached ** piety under Trog
  1248 | D:2      | Reached XP level 4. HP: 17/29 MP: 4/4
  1271 | D:2      | Reached skill level 4 in Fighting
  1800 | D:2      | Noticed Robin
  1822 | D:2      | Killed Robin
  1822 | D:2      | Reached XP level 5. HP: 28/33 MP: 5/5
  2331 | D:3      | Reached *** piety under Trog
  2504 | D:4      | Noticed a phantom
  2519 | D:4      | Reached XP level 6. HP: 27/39 MP: 6/6
  2784 | D:4      | Killed a phantom
  2878 | D:4      | Found a staircase to the Ecumenical Temple.
  2897 | Temple   | Entered the Ecumenical Temple
  2925 | D:4      | Noticed Menkaure
  2935 | D:4      | Reached skill level 5 in Fighting
  2956 | D:4      | Noticed an ice beast
  2976 | D:4      | Mangled by an ice beast

Skill      XL: |  1  2  3  4  5  6 |
---------------+-------------------+-----
Axes           | 3 4 |  4.1
Dodging        | 2 3 |  3.1
Fighting       | 4 5 |  5.1
Armour         | 3 4 |  4.3

Action                   |  1- 3 |  4- 6 || total
-------------------------+-------+-------++-------
Melee: Hand axe          |   212 |   358 ||   570
  Eat: Chunk             |     1 |     5 ||     6
       Ration            |       |     1 ||     1
Armor: Animal skin       |    46 |       ||    46
       Scale mail        |    21 |   201 ||   222
Dodge: Dodged            |   111 |   234 ||   345
